 Dungeon Crawl Stone Soup version 0.28-b1-1-g3c77fb2ed1 (webtiles) character file.

Game seed: 14870325952447438079

16697 McKennaii the Destroyer (level 11, -1/74 HPs)
             Began as a Demigod Conjurer on Jan 28, 2022.
             Slain by a blink frog (15 damage)
             ... on level 1 of the Lair of Beasts.
             The game lasted 00:29:46 (19518 turns).

McKennaii the Destroyer (Demigod Conjurer)         Turns: 19518, Time: 00:29:47

Health: -1/74      AC:  8    Str:  8    XL:     11   Next: 83%
Magic:  2/29       EV: 12    Int: 32    God:
Gold:   706        SH:  0    Dex: 12    Spells: 23/30 levels left

rFire   . . .      SeeInvis .   q - +4 trident (venom)
rCold   + . .      Faith    .   (no shield)
rNeg    + . .      Spirit   .   B - +0 steam dragon scales
rPois   .          Reflect  .   (no helmet)
rElec   .          Harm     .   I - +0 cloak
rCorr   .          Rampage  .   (no gloves)
Will    +....                   H - +0 pair of boots
Stlth   ++........              (no amulet)
HPRegen 0.22/turn               C - ring of positive energy
MPRegen 0.21/turn               D - ring of protection from cold

@: studying Evocations
A: high mp 1, forlorn, divine attributes
a: no special abilities


You were on level 1 of the Lair of Beasts.
You visited 2 branches of the dungeon, and saw 12 of its levels.
You also visited: Bailey.

You collected 706 gold pieces.

Inventory:

Hand Weapons
 q - a +4 trident of venom (weapon)
 K - the +3 long sword "Jerum" {holy, SInv}
   (You found it on level 11 of the Dungeon)

   It has been blessed by the Shining One to cause great damage to the undead
   and demons.
   SInv:      It lets you see invisible.
Armour
 y - a +1 kite shield of poison resistance
 A - a +1 chain mail of fire resistance
 B - +0 steam dragon scales (worn)
 H - a +0 pair of boots (worn)
 I - a +0 cloak (worn)
Jewellery
 C - a ring of positive energy (left hand)
 D - a ring of protection from cold (right hand)
Wands
 a - a wand of charming (9)
 n - a wand of acid (4)
 s - a wand of mindburst (10)
 u - a wand of iceblast (3)
 F - a wand of flame (13)
Scrolls
 b - 4 scrolls of teleportation {unknown}
 c - 7 scrolls of identify {unknown}
 d - 4 scrolls of fog {unknown}
 e - 3 scrolls of torment {unknown}
 f - a scroll of fear {unknown}
 g - 2 scrolls of enchant weapon {unknown}
 j - 4 scrolls of blinking {unknown}
 m - 2 scrolls of brand weapon {unknown}
 o - 2 scrolls of amnesia {unknown}
 p - 3 scrolls of noise {unknown}
 x - a scroll of silence {unknown}
Potions
 h - 3 potions of curing
 i - 2 potions of magic
 k - 4 potions of lignification {unknown}
 l - 2 potions of haste {unknown}
 r - a potion of resistance {unknown}
 t - a potion of degeneration {unknown}
 v - 3 potions of brilliance {unknown}
 w - 3 potions of mutation {unknown}
 z - 3 potions of heal wounds
 E - a potion of invisibility {unknown}
 G - a potion of might {unknown}
 J - a potion of ambrosia {unknown}


   Skills:
 - Level 6.0 Armour
 - Level 1.7 Dodging
 - Level 1.7 Stealth
 - Level 10.0 Spellcasting
 + Level 14.1 Conjurations


You had 23 spell levels left.
You knew the following spells:

 Your Spells              Type           Power      Damage    Failure   Level
a - Magic Dart            Conj           100%       1d8       0%          1
b - Searing Ray           Conj           100%       2d8       0%          2
c - Iskenderun's Mystic   Conj/Tloc      57%        2d12      1%          4

Your spell library contained the following spells:

 Spells                   Type           Power      Damage    Failure   Level
 Foxfire                  Conj/Fire      100%       2x1d9     1%          1
 Conjure Flame            Conj/Fire      57%        6-21      1%          3
 Dazzling Flash           Conj/Hex       100%       N/A       1%          3
 Mephitic Cloud           Conj/Pois/Air  46%        N/A       1%          3
 Flame Wave               Conj/Fire      57%        2d11      1%          4
 Fulminant Prism          Conj/Hex       28%        3d14      1%          4
 Sticky Flame             Conj/Fire      57%        2d7       1%          4
 Call Imp                 Summ           16%        N/A       4%          2
 Sublimation of Blood     Necr           16%        N/A       4%          2
 Wereblood                Tmut           16%        N/A       4%          2
 Ignite Poison            Fire/Tmut/Pois 16%        N/A       9%          3
 Leda's Liquefaction      Hex/Erth       8%         N/A       30%         4
 Lee's Rapid Deconstruct  Erth           8%         3d8*      63%         5
 Dispersal                Tloc           8%         N/A       99%         6
 Statue Form              Tmut/Erth      10%        N/A       99%         6
 Summon Hydra             Summ           8%         N/A       100%        7
 Disjunction              Tloc           8%         N/A       100%        8
 Ignition                 Fire           8%         3d5       100%        8


Dungeon Overview and Level Annotations

Branches:
Dungeon (11/15)            Temple (0/1) D:4            Lair (1/6) D:8
 Bailey (visited)
    Orc: D:9-12


Innate Abilities, Weirdness & Mutations

You have an increased reservoir of magic. (+10% MP)
You shall have no god before yourself.
Your divine heritage dramatically boosts your attributes as you level up.


Message History

The blink frog is lightly wounded.
The blink frog barely misses you.
You hit the blink frog.
The blink frog is lightly wounded.
The blink frog hits you but does no damage.
The blink frog hits you!
The blink frog blinks!
You are too injured to fight recklessly!
Reach: q) +4 trident (venom)
Press: ? - help, Dir - move target, f - blink frog
Aim: a blink frog (severely wounded, about 61% to evade your +4 trident of venom)
You reach to attack!
You puncture the blink frog!
The blink frog is almost dead.
The blink frog barely misses you.
The blink frog blinks!
The blink frog hits you.
The blink frog blinks!
The blink frog blinks!
Found a stone staircase leading down.
The blink frog blinks!
You start resting.
There are monsters nearby!
Casting: Magic Dart (safe; 0% risk of failure)
Confirm with . or Enter, or press ? or * to list all spells.
You don't know that spell.
Casting: Magic Dart (safe; 0% risk of failure)
Confirm with . or Enter, or press ? or * to list all spells.
Aiming: Searing Ray (safe; 0% risk of failure)
Press: ? - help, Shift-Dir - straight line, f/p - blink frog
Aim: a blink frog (almost dead, 70% to hit)
The searing ray hits the blink frog!
You kill the blink frog! (Press . to maintain the ray.) Unknown command.
Reach: q) +4 trident (venom)
Press: ? - help, Dir - move target, f - blink frog
Aim: a blink frog (lightly wounded, about 61% to evade your +4 trident of venom)
You reach to attack!
You puncture the blink frog!
The blink frog is heavily wounded.
The blink frog blinks!
The blink frog hits you!
* * * LOW HITPOINT WARNING * * *
The blink frog hits you!
You die...

.##.....#.#
##.P##.#.# ##
#......#.# ...#
##.#.#####
8...# ##..##
.....# ##..#
>..8..####.##
........#÷..#
8........@#+###
. .
.#.(..F#....# .
...#..8...#...#
.
8...#.....#...#
.
...#..........#
##.........#
##+#.##...#
#.#.####.#
#..†# ##


You could see a blink frog.

Vanquished Creatures
  4 two-headed ogres
  3 death yaks
  3 orc knights (Bailey)
  A black mamba (Lair:1)
  Maggie (D:8)
  A komodo dragon (Lair:1)
  2 kobold demonologists (D:10)
  A troll (D:9)
  A hornet (D:7)
  8 blink frogs (Lair:1)
  Prince Ribbit (D:6)
  A wyvern (D:7)
  A vampire (D:10)
  12 yaks
  2 steam dragons
  Menkaure (D:5)
  7 water moccasins
  11 orc warriors
  2 sky beasts
  2 ice beasts
  3 black bears
  4 ogres
  6 centaurs
  5 kobold brigands
  Blork the orc (D:5)
  A wyvern zombie (D:9)
  2 scorpions
  6 bullfrogs
  A wight (D:7)
  A howler monkey (D:9)
  2 centaur zombies
  2 bullfrog zombies
  A centaur skeleton (D:5)
  3 jellies
  2 gnoll shamans
  An orc priest (D:4)
  6 hounds
  Ijyb (D:5)
  2 iguanas
  6 orc wizards
  2 hound skeletons (D:4)
  A hound zombie (D:5)
  5 gnolls
  4 adders
  A howler monkey skeleton (D:4)
  A river rat (D:8)
  A white imp (D:5)
  An ufetubus (D:4)
  An adder zombie (D:5)
  2 worms
  A dart slug (D:1)
  50 orcs
  7 ball pythons
  5 bats
  7 endoplasms
  5 giant cockroaches
  8 goblins
  11 hobgoblins
  5 jackals (D:2)
  26 kobolds
  6 quokkas
  5 frilled lizards
  A giant cockroach zombie (D:3)
  9 rats
  2 butterflies (Lair:1)
288 creatures vanquished.

Vanquished Creatures (others)
  3 fungi (Lair:1)
  19 plants (Lair:1)
22 creatures vanquished.

Grand Total: 310 creatures vanquished

Notes
Turn   | Place    | Note
-------+----------+-------------------------------------------
     0 | D:1      | McKennaii the Demigod Conjurer began the quest for the Orb.
     0 | D:1      | Reached XP level 1. HP: 14/14 MP: 5/5
   427 | D:1      | Reached XP level 2. HP: 15/20 MP: 0/7
   710 | D:1      | Reached skill level 4 in Conjurations
  1555 | D:2      | Learned a level 2 spell: Searing Ray
  1578 | D:2      | Reached XP level 3. HP: 26/26 MP: 7/9
  2922 | D:3      | Noticed a black bear
  3002 | D:3      | Reached XP level 4. HP: 28/33 MP: 4/11
  3275 | D:3      | Killed a black bear
  3276 | D:3      | Reached skill level 5 in Conjurations
  3276 | D:3      | Reached XP level 5. HP: 5/38 MP: 1/13
  4246 | D:4      | Noticed a black bear
  4425 | D:4      | Killed a black bear
  4426 | D:4      | Reached XP level 6. HP: 26/45 MP: 4/15
  4447 | D:4      | HP: 2/45 [orc (3)]
  4838 | D:4      | Found a staircase to the Ecumenical Temple.
  4987 | D:4      | Reached skill level 6 in Conjurations
  5130 | D:4      | Reached XP level 7. HP: 48/50 MP: 3/17
  5298 | D:4      | Reached skill level 5 in Spellcasting
  5785 | D:5      | Entered Level 5 of the Dungeon
  5913 | D:5      | Noticed Blork the orc
  5922 | D:5      | Killed Blork the orc
  6210 | D:5      | Reached skill level 7 in Conjurations
  6472 | D:5      | Noticed Menkaure
  6476 | D:5      | Reached XP level 8. HP: 57/57 MP: 10/20
  6493 | D:5      | Killed Menkaure
  6949 | D:5      | Noticed Ijyb
  6956 | D:5      | Killed Ijyb
  7223 | D:5      | Reached skill level 8 in Conjurations
  7675 | D:6      | Noticed Prince Ribbit
  7681 | D:6      | Killed Prince Ribbit
  8546 | D:7      | Found a flagged portal.
  8581 | Bailey   | Entered a bailey
  8898 | Bailey   | Learned a level 4 spell: Iskenderun's Mystic Blast
  8970 | Bailey   | Noticed an orc knight
  8970 | Bailey   | Noticed an orc knight
  8970 | Bailey   | Noticed an orc knight
  9053 | Bailey   | Reached XP level 9. HP: 30/62 MP: 11/24
  9336 | Bailey   | Killed an orc knight
  9337 | Bailey   | Reached skill level 9 in Conjurations
  9514 | Bailey   | Killed an orc knight
  9698 | Bailey   | Killed an orc knight
  9699 | Bailey   | Reached skill level 10 in Conjurations
  9974 | Bailey   | Got the Tome of the Merchant
 11022 | D:7      | Reached skill level 1 in Armour
 11136 | D:7      | Reached XP level 10. HP: 53/69 MP: 16/27
 11740 | D:8      | Noticed Maggie
 11758 | D:8      | Killed Maggie
 12105 | D:8      | Noticed a two-headed ogre
 12117 | D:8      | Killed a two-headed ogre
 12361 | D:8      | Noticed a death yak
 12363 | D:8      | Noticed a death yak
 12368 | D:8      | Noticed a death yak
 12654 | D:7      | Killed a death yak
 12797 | D:8      | Found a staircase to the Lair.
 13469 | D:8      | Killed a death yak
 13470 | D:8      | Reached skill level 5 in Armour
 13951 | D:7      | Killed a death yak
 14540 | D:9      | Noticed a two-headed ogre
 14549 | D:9      | Killed a two-headed ogre
 14550 | D:9      | Reached skill level 10 in Spellcasting
 14930 | D:9      | Reached skill level 11 in Conjurations
 15245 | D:9      | Reached XP level 11. HP: 37/74 MP: 13/29
 15902 | D:10     | Entered Level 10 of the Dungeon
 16252 | D:10     | Noticed a soul eater
 17112 | D:10     | Noticed a two-headed ogre
 17136 | D:10     | Killed a two-headed ogre
 17137 | D:10     | Reached skill level 12 in Conjurations
 17236 | D:10     | Noticed a two-headed ogre
 17247 | D:10     | Killed a two-headed ogre
 18210 | D:11     | Noticed a lindwurm
 18225 | D:11     | Noticed a lindwurm
 18233 | D:11     | Identified the +3 long sword "Jerum" {holy, SInv}
 18339 | Lair:1   | Entered Level 1 of the Lair of Beasts
 18514 | Lair:1   | Reached skill level 13 in Conjurations
 19491 | Lair:1   | Reached skill level 14 in Conjurations
 19518 | Lair:1   | Slain by a blink frog

Illustrated notes

Levels and vault maps discovered:
D:1:      co_arrival_square_in_a_square_in_a_square, layout_basic
D:2:      layout_loops_ring, shapermc_ecumenical_altar_notcrosses, st_stairs_6,
          minmay_pentomino_u2
D:3:      layout_rooms, amcnicky_altar_gilded, elyvilon_altar_3,
          nicolae_overflow_hidden_temple, grunt_ministairs_15,
          minmay_randomly_rotated_circles
D:4:      layout_loops_ring, minmay_temple_entry_antechambers, minivault_26,
          minmay_fractal_squares_5
D:5:      black_bear_nest_1, layout_basic, minmay_manual_mess,
          uniq_blork_the_orc, uniq_menkaure, uniq_ijyb
D:6:      layout_loops_cross, uniq_prince_ribbit1
D:7:      minmay_razor_zed, layout_basic, eat_drink_and_be_merry_uskayaw,
          enter_bailey_3, serial_aquarium, aquarium_bridge_island_small
          [aquarium_subvault_small_water, aquarium_subvault_bridge,
          aquarium_subvault_wall, aquarium_subvault_wall,
          aquarium_subvault_wall], aquarium_bridge_straight
          [aquarium_subvault_bridge, aquarium_subvault_wall,
          aquarium_subvault_bridge, aquarium_subvault_wall],
          aquarium_window_fake, aquarium_window_corner, aquarium_view_2f,
          aquarium_view_2c, aquarium_balcony_3b, aquarium_pool_corner
D:8:      layout_layer_cave, dpeg_lair_monsters, hangedman_decor_riveting,
          uniq_maggie
D:9:      layout_roguey, grunt_temple_overflow_diamond, old_standard_altar
D:10:     layout_gridville, grunt_qazlal_sundering, nrook_mini_vaults
D:11:     layout_basic, serial_shops, nicolae_shop_advertising_works
          [nicolae_subvault_shop_adworks], minmay_lindwurm_lava
Lair:1:   layout_roguey, infiniplex_staircase_pool, lemuel_fruit_fields,
          grunt_megastairs_3, serial_bayou_shore_a

Skill      XL: |  1  2  3  4  5  6  7  8  9 10 11 |
---------------+----------------------------------+-----
Spellcasting   | 2 3 4 6 7 9 10 | 10.0
Conjurations   | 4 5 6 7 8 10 11 14 | 14.1
Armour         | 1 6 |  6.0
Dodging        | |  1.7
Stealth        | |  1.7

Action                   |  1- 3 |  4- 6 |  7- 9 | 10-12 || total
-------------------------+-------+-------+-------+-------++-------
Melee: Unarmed           |    48 |    12 |       |       ||    60
       Punch             |       |     2 |       |       ||     2
       Trident           |       |       |     8 |    27 ||    35
 Cast: Magic Dart        |   111 |   110 |   151 |   172 ||   544
       Searing Ray       |     1 |    15 |    50 |    59 ||   125
       Iskenderun's Myst |       |       |    15 |    81 ||    96
Evoke: Wand              |       |       |     8 |     4 ||    12
  Use: Potion            |       |     3 |       |       ||     3
Armor: Robe              |    11 |     8 |     6 |       ||    25
       Ring mail         |       |       |     1 |     3 ||     4
       Steam dragon scal |       |       |       |    33 ||    33
Dodge: Dodged            |    44 |    55 |    42 |    88 ||   229
